AoeStats
← maki

Arabia

504515085Analyzed
1v1 RM · 27d ago on Sep 5, 2026· 31m 43s· 2 players
Game mode
Random Map
Map size
Tiny (2 player)
Population
200
Speed
Normal
Resources
Standard
Victory
Conquest
Starting age
Dark Age
Ending age
Imperial Age
RankedLock teamsTeams togetherTeam positionsShared explorationLock speedFull tech treeHidden civsTurbo modeCheats
Victory
Defeat
🇯🇵 Spanish · Japan
1993
+19
🇩🇪 Britons · Germany
2064
-19
holyconqs
10:11 Feudal Age
9:07 Loom
13:54 Castle Age
12:48 Double-Bit Axe
15:35 Scale Barding Armor
15:25 Gold Mining
18:58 Fervor
19:59 Sanctity
20:46 Scale Barding Armor
26:11 Redemption
27:02 Inquisition
28:41 Chain Barding Armor
maki
4:56 Loom
9:21 Feudal Age
9:30 Man-at-Arms
9:56 Double-Bit Axe
17:53 Castle Age
16:58 Fletching
17:59 Crossbowman
19:16 Bodkin Arrow
21:48 Bow Saw
22:45 Ballistics
Connection lost

Rejoining the realm…

Still unreachable

The connection could not be restored.

Session expired

The server has moved on; the page needs a fresh start.